 Dungeon Crawl Stone Soup version 0.22-a0-443-g17c3723 (webtiles) character file.

20281 tilp the Impaler (level 12, -6/92 HPs)
             Began as a Merfolk Ice Elementalist on May 30, 2018.
             Was a Priest of Makhleb.
             Mangled by a spiny frog (17 damage)
             ... on level 6 of the Lair of Beasts on May 31, 2018.
             The game lasted 01:10:40 (23589 turns).

tilp the Impaler (Merfolk Ice Elementalist)        Turns: 23589, Time: 01:10:40

Health: -6/92      AC:  8    Str:  8    XL:     12   Next: 77%
Magic:  12/18      EV: 18    Int: 25    God:    Makhleb [***...]
Gold:   859        SH:  5    Dex: 14    Spells: 2/19 levels left

rFire    x . .     SeeInvis .   a - +0 trident
rCold    + . .     Gourm    .   E - +0 buckler
rNeg     . . .     Faith    .   y - +0 robe
rPois    .         Spirit   .   d - +1 helmet
rElec    .         Reflect  .   (no cloak)
rCorr    .         Harm     .   n - +1 pair of gloves
MR       .....                  p - +1 pair of boots
Stlth    ++........             K - amulet of the acrobat
HPRegen  0.25/turn              w - +5 ring of intelligence
MPRegen  0.16/turn              g - ring of ice

@: lethally poisoned (-6 -> -10)
A: change form in water, swift swim, stealthy swim
a: Minor Destruction, Lesser Servant of Makhleb, Renounce Religion


You were on level 6 of the Lair of Beasts.
You worshipped Makhleb.
Makhleb was most pleased with you.
You were hungry.

You visited 3 branches of the dungeon, and saw 16 of its levels.

You collected 859 gold pieces.

Inventory:

Hand Weapons
 a - a +0 trident (weapon)
 b - a +1 hunting sling of flaming
 I - a +0 glaive
Missiles
 e - 3 poisoned javelins (quivered)
 i - 214 stones
 C - 70 sling bullets
Armour
 d - a +1 helmet (worn)
 n - a +1 pair of gloves (worn)
 p - a +1 pair of boots (worn)
 y - a +0 robe (worn)
 E - a +0 buckler (worn)
 N - a cursed -2 leather armour
 P - a +1 troll leather armour {Snorg}
Jewellery
 g - a ring of ice (right hand)
 s - an uncursed ring of fire
 w - a +5 ring of intelligence (left hand)
 B - an uncursed ring of protection from fire
 F - an uncursed ring of wizardry
 K - an amulet of the acrobat (around neck)
 M - an uncursed ring of stealth {unknown}
Wands
 t - a wand of acid (8)
 D - a wand of iceblast (23)
 G - a wand of enslavement (15)
 J - a wand of flame (22)
Scrolls
 f - 6 scrolls of teleportation
 k - 2 scrolls of blinking
 l - a scroll of enchant weapon
 q - 2 scrolls of fog
 r - 2 scrolls of immolation
 v - 2 scrolls of fear
 x - a scroll of vulnerability
 A - 2 scrolls of amnesia
 H - a scroll of remove curse
 L - a scroll of random uselessness {unknown}
 Q - a scroll of summoning {unknown}
 R - a scroll of torment {unknown}
Potions
 h - 2 potions of haste
 j - 2 potions of berserk rage
 m - 5 potions of brilliance
 o - 3 potions of might
 u - a potion of cancellation
 z - a potion of magic
 O - a potion of curing
 S - a potion of heal wounds
Comestibles
 c - 33 rations


   Skills:
 - Level 8.0 Fighting
 + Level 17.6 Polearms
 - Level 10.0 Dodging
 - Level 2.1 Stealth
 - Level 4.0 Shields
 - Level 4.2 Spellcasting
 - Level 0.7 Conjurations
 - Level 10.0 Ice Magic
 - Level 5.1 Invocations
 - Level 4.1 Evocations


You had 2 spell levels left.
You knew the following spells:

 Your Spells              Type           Power        Failure   Level  Hunger
a - Freeze                Ice            ####         1%          1    None
b - Throw Frost           Conj/Ice       #####.       1%          2    None
c - Ozocubu's Armour      Chrm/Ice       #####...     3%          3    ##.....
d - Throw Icicle          Conj/Ice       #####...     10%         4    ####...
e - Slow                  Hex            #.......     14%         2    None
f - Blink                 Tloc           N/A          14%         2    None
g - Conjure Flame         Conj/Fire      #.......     24%         3    ##.....

Your spell library contained the following spells:

 Spells                   Type           Power        Failure   Level  Hunger
 Cause Fear               Hex            #.........   65%         4    ####...
 Magic Dart               Conj           #...         7%          1    None
 Mephitic Cloud           Conj/Pois/Air  #.......     24%         3    ##.....
 Summon Ice Beast         Ice/Summ       #####...     12%         4    ####...
 Call Imp                 Summ           #.......     14%         2    None
 Spider Form              Tmut/Pois      #.........   26%         3    ##.....
 Blade Hands              Tmut           #.........   94%         5    #####..
 Ice Form                 Ice/Tmut       #####...     12%         4    ####...
 Sticks to Snakes         Tmut           #.......     14%         2    None
 Corona                   Hex            #......      9%          1    None
 Portal Projectile        Hex/Tloc       #.....       26%         3    ##.....
 Leda's Liquefaction      Hex/Erth       #.........   65%         4    ####...
 Inner Flame              Hex/Fire       #.......     26%         3    ##.....
 Beastly Appendage        Tmut           #.....       9%          1    None


Dungeon Overview and Level Annotations

Branches:
Dungeon (9/15)             Temple (1/1) D:5            Lair (6/6) D:8
 Shoals (0/4) Lair:4          Orc (0/2) D:9
  Snake: Lair:2-4    Spider: Lair:2-4     Slime: Lair:5-6

Altars:
Ashenzari
Cheibriados
Dithmenos
Elyvilon
Fedhas
Gozag
Hepliaklqana
Kikubaaqudgha
Makhleb
Nemelex Xobeh
Okawaru
Qazlal
Ru
Sif Muna
Trog
Uskayaw
Vehumet
Wu Jian
Xom
Yredelemnul
Zin
The Shining One

Annotations:
D:4 Menkaure, Sigmund
D:5 exclusion: hippogriff
D:8 Gastronok, Maurice
D:9 Erica, Psyche
Lair:2 exclusions: orb spider and 1 more exclusion
Lair:4 Rupert
Lair:5 exclusion: hydra


Message History

You feel a surge of power!
You freeze the blink frog.
The blink frog is almost dead.
You feel sick. The black mamba barely misses you. The blink frog hits you.
The black mamba bites you.
Casting: Freeze (safe; 1% risk of failure)
Confirm with . or Enter, or press ? or * to list all spells.
Aiming: Freeze (safe; 1% risk of failure)
Press: ? - help, Shift-Dir - straight line, f/p - blink frog
Aim: a blink frog (almost dead, slow)
You feel a surge of power!
You freeze the blink frog.
You kill the blink frog!
Makhleb accepts your kill.
You feel sick. You block the black mamba's attack.
The black mamba barely misses you.
You feel sick.
There is a stone staircase leading up, spattered with blood here.
You block the black mamba's attack. The black mamba bites you!
* * * LOW HITPOINT WARNING * * *
The blink frog misses you. The spiny frog stings you!
You die...

#######..........##
#................#
##................###
#P........#.........#
#...................#
##.................##
#.................##
#...F............P.#
#..@S............P..
#...F................
##...................
#....................
##...................
#...................
#..............#.....
#..............#.....
#...................


You could see a black mamba, a spiny frog and a blink frog.

Vanquished Creatures
  Snorg (Lair:4)
  A hydra (Lair:1)
  A black mamba (Lair:4)
  Joseph (D:8)
  4 spiny frogs
  A torpor snail (Lair:5)
  A rime drake (Lair:3)
  3 komodo dragons
  15 blink frogs
  5 hippogriffs
  A snapping turtle (Lair:4)
  4 hogs
  A wyvern (D:8)
  12 yaks
  A human (D:7)
  Grum (D:9)
  A basilisk (Lair:1)
  6 water moccasins
  2 hell hounds (D:8)
  8 porcupines
  2 sky beasts (D:8)
  2 orc warriors
  An eye of draining (D:9)
  2 phantoms
  4 ogres
  A wolf (D:9)
  3 centaurs
  9 crocodiles
  A big kobold (D:3)
  13 bullfrogs
  4 scorpions
  6 howler monkeys
  2 bullfrog zombies
  2 crimson imps
  A centaur zombie (D:8)
  A quasit (D:5)
  6 hounds
  3 jellies
  2 orc priests
  2 bullfrog skeletons
  3 orc wizards
  3 centaur skeletons
  2 iguanas
  Natasha (thrice) (D:2)
  8 worker ants
  A hound zombie (D:5)
  2 hound skeletons
  A worker ant zombie (D:8)
  Robin (D:3)
  4 gnolls
  12 adders
  3 shadow imps (D:7)
  2 oozes
  2 adder skeletons
  2 adder zombies (D:8)
  A worm (D:4)
  2 dart slugs
  4 leopard geckos
  19 orcs
  A giant cockroach (D:7)
  8 goblins
  13 hobgoblins
  10 jackals
  8 kobolds
  2 quokkas
  A ball python (D:3)
  3 bats (D:1)
  5 frilled lizards
  A leopard gecko skeleton (D:4)
  2 quokka skeletons
  23 rats
  A plant (Lair:5)
290 creatures vanquished.

Vanquished Creatures (collateral kills)
  A hydra (Lair:6)
  A catoblepas (Lair:5)
  A death yak (Lair:5)
  2 black mambas (Lair:5)
  A spiny frog (Lair:3)
  A polar bear (Lair:5)
  2 blink frogs
  A hippogriff (Lair:4)
  5 yaks
  A basilisk (Lair:4)
  3 porcupines
  A fungus (Lair:4)
  A plant (Lair:4)
21 creatures vanquished.

Vanquished Creatures (others)
  4 fungi
  A plant (Lair:6)
5 creatures vanquished.

Grand Total: 316 creatures vanquished

Notes
Turn   | Place    | Note
-------+----------+-------------------------------------------
     0 | D:1      | tilp the Merfolk Ice Elementalist began the quest for the Orb.
     0 | D:1      | Reached XP level 1. HP: 13/13 MP: 3/3
   687 | D:1      | Reached XP level 2. HP: 19/19 MP: 5/5
   691 | D:1      | Learned a level 2 spell: Throw Frost
  1470 | D:2      | Noticed Natasha
  1485 | D:2      | Reached XP level 3. HP: 24/24 MP: 1/6
  1490 | D:2      | Learned a level 3 spell: Ozocubu's Armour
  1556 | D:2      | Killed Natasha
  1556 | D:2      | Reached skill level 5 in Ice Magic
  1752 | D:2      | Reached XP level 4. HP: 23/30 MP: 1/7
  1907 | D:2      | Noticed Natasha
  1913 | D:2      | Killed Natasha
  2286 | D:2      | Noticed Natasha
  2292 | D:2      | Killed Natasha
  2292 | D:2      | Reached XP level 5. HP: 35/35 MP: 0/8
  3670 | D:3      | Noticed a big kobold
  3856 | D:3      | Noticed Robin
  3880 | D:3      | Killed Robin
  3880 | D:3      | Reached skill level 1 in Fighting
  3880 | D:3      | Reached XP level 6. HP: 29/43 MP: 0/9
  5555 | D:4      | Reached skill level 1 in Polearms
  5555 | D:4      | Reached XP level 7. HP: 48/54 MP: 7/10
  5623 | D:4      | Noticed Menkaure
  5818 | D:4      | Reached skill level 2 in Polearms
  5908 | D:4      | Reached skill level 3 in Polearms
  5993 | D:4      | Reached skill level 4 in Polearms
  6192 | D:4      | Noticed Sigmund
  6561 | D:5      | Entered Level 5 of the Dungeon
  6580 | D:5      | Reached skill level 5 in Polearms
  6837 | D:5      | Found a staircase to the Ecumenical Temple.
  6848 | D:5      | Reached skill level 6 in Polearms
  6900 | Temple   | Entered the Ecumenical Temple
  7113 | Temple   | Became a worshipper of Makhleb the Destroyer
  7254 | D:5      | Reached skill level 7 in Polearms
  7309 | D:5      | Reached XP level 8. HP: 33/60 MP: 4/11
  7546 | D:5      | Reached skill level 8 in Polearms
  7935 | D:5      | Noticed a hippogriff
  8319 | D:5      | Reached skill level 9 in Polearms
  8576 | D:6      | Reached skill level 10 in Polearms
  9033 | D:6      | Reached * piety under Makhleb
  9033 | D:6      | Reached skill level 11 in Polearms
  9612 | D:7      | Reached XP level 9. HP: 56/65 MP: 5/12
  9731 | D:7      | Reached skill level 12 in Polearms
 10391 | D:7      | Reached skill level 13 in Polearms
 10565 | D:6      | Reached skill level 14 in Polearms
 11246 | D:7      | Found an ornate altar of the Wu Jian Council.
 11461 | D:7      | Reached skill level 5 in Dodging
 11682 | D:8      | Noticed Maurice
 11920 | D:8      | Noticed Gastronok
 11946 | D:8      | Noticed Joseph
 11976 | D:8      | Killed Joseph
 11976 | D:8      | Reached ** piety under Makhleb
 12093 | D:8      | Reached XP level 10. HP: 65/72 MP: 4/13
 12681 | D:8      | Found a staircase to the Lair.
 13266 | D:9      | Upgraded the game from 0.22-a0-441-gcf5b0c6 to 0.22-a0-443-g17c3723
 13490 | D:9      | Learned a level 4 spell: Throw Icicle
 13493 | D:9      | Learned a level 2 spell: Slow
 13579 | D:9      | Found a staircase to the Orcish Mines.
 13650 | D:9      | Noticed Psyche
 13709 | D:9      | Noticed Grum
 13765 | D:9      | Killed Grum
 14021 | D:9      | Reached skill level 10 in Ice Magic
 14146 | D:9      | Reached skill level 1 in Invocations
 14519 | D:9      | Noticed Erica
 14603 | D:9      | Reached *** piety under Makhleb
 14603 | D:9      | Reached skill level 1 in Evocations
 14725 | Lair:1   | Entered Level 1 of the Lair of Beasts
 15545 | Lair:1   | Noticed a four-headed hydra
 15556 | Lair:1   | Killed a four-headed hydra
 15556 | Lair:1   | Reached skill level 5 in Invocations
 15556 | Lair:1   | Reached XP level 11. HP: 74/77 MP: 0/14
 16782 | Lair:2   | Reached skill level 5 in Fighting
 16929 | Lair:2   | Noticed an orb spider
 17370 | Lair:2   | Got a pair of bloodstained boots
 17387 | Lair:2   | Identified the cursed -7 pair of boots of the Peasants {Slay+3} (You found it on level 2 of the Lair of Beasts)
 18468 | Lair:3   | Reached skill level 1 in Shields
 19849 | Lair:4   | Noticed Snorg
 19862 | Lair:4   | Killed Snorg
 19862 | Lair:4   | Reached XP level 12. HP: 29/92 MP: 12/18
 20150 | Lair:4   | Reached skill level 10 in Dodging
 20412 | Lair:4   | Noticed Rupert
 20481 | Lair:4   | Learned a level 2 spell: Blink
 20485 | Lair:4   | Learned a level 3 spell: Conjure Flame
 20612 | Lair:4   | Found a staircase to the Shoals.
 20791 | Lair:5   | Noticed a catoblepas
 20921 | Lair:4   | Reached skill level 15 in Polearms
 21010 | Lair:5   | Killed a catoblepas
 21396 | Lair:4   | Reached skill level 16 in Polearms
 22129 | Lair:5   | Noticed a death yak
 22141 | Lair:5   | Killed a death yak
 22323 | Lair:5   | Reached skill level 17 in Polearms
 22863 | Lair:5   | Noticed an eight-headed hydra
 23213 | Lair:6   | Entered Level 6 of the Lair of Beasts
 23213 | Lair:6   | Noticed a five-headed hydra
 23220 | Lair:6   | Killed a five-headed hydra
 23589 | Lair:6   | Mangled by a spiny frog

Vault maps used:
D:1:      dpeg_arrival_short_road, amethyst_killhole
D:2:      first_ration, uniq_natasha
D:3:      cheibrodos_thug_alley, minmay_rat_hole, uniq_robin
D:4:      uniq_menkaure, uniq_sigmund
D:5:      minmay_temple_entry_large_hall
D:7:      marbit_many_paths, grunt_livestock, kennysheep_cross_room
D:8:      minmay_lair_entry_lava, uniq_joseph, uniq_maurice, uniq_gastronok
D:9:      orc_0_dummy, uniq_erica, uniq_psyche, uniq_grum
Temple:   kilobyte_greek_temple
Lair:1:   serial_bayou_shore_a, grunt_megastairs_3
Lair:2:   nicolae_spider_entry_orb_guardian
Lair:3:   grunt_megastairs_4
Lair:4:   minmay_shoals_entry_hut, uniq_snorg, uniq_rupert
Lair:5:   st_stairs_4, serial_bayou_crossing
Lair:6:   minmay_lair_end_frog_pond, slime_altar_1, zaba_anthole

Skill      XL: |  1  2  3  4  5  6  7  8  9 10 11 12 |
---------------+-------------------------------------+-----
Ice Magic      | 4 5 6 7 10 | 10.0
Fighting       | 1 4 8 |  8.0
Polearms       | 1 7 11 14 17 | 17.6
Dodging        | 7 9 10 | 10.0
Invocations    | 5 |  5.1
Evocations     | 4 |  4.1
Spellcasting   | 4 |  4.2
Shields        | 4 |  4.0
Stealth        | |  2.1
Conjurations   | |  0.7

Action                   |  1- 3 |  4- 6 |  7- 9 | 10-12 || total
-------------------------+-------+-------+-------+-------++-------
Melee: Spear             |    14 |   178 |   259 |       ||   451
       Trident           |       |       |    80 |   501 ||   581
 Fire: Hunting sling     |       |       |       |     9 ||     9
Throw: Stone             |     1 |     5 |    18 |     4 ||    28
       Javelin           |       |       |       |    19 ||    19
 Cast: Freeze            |    26 |    65 |   128 |   270 ||   489
       Throw Frost       |     4 |     6 |    23 |    98 ||   131
       Ozocubu's Armour  |     1 |    12 |    33 |    88 ||   134
       Throw Icicle      |       |       |       |    10 ||    10
       Slow              |       |       |       |     2 ||     2
Invok: Lesser Servant of |       |       |       |    16 ||    16
Evoke: Wand              |       |       |       |     2 ||     2
       Sack of spiders   |       |       |       |     1 ||     1
  Use: Scroll            |       |     9 |     5 |    12 ||    26
       Potion            |       |     1 |     2 |     2 ||     5
 Stab: Sleeping          |     2 |     3 |     2 |     1 ||     8
       Distracted        |       |       |     2 |     3 ||     5
  Eat: Chunk             |     3 |    12 |    19 |    31 ||    65
       Ration            |       |     1 |     3 |     4 ||     8
Armor: Robe              |     1 |    55 |   142 |    98 ||   296
Dodge: Dodged            |    14 |   116 |   269 |   389 ||   788
Block: Buckler           |       |       |       |    48 ||    48

Table legend:
 A = Spawn XP
 B = Non-spawn XP
 C = Spawn XP percentage of total XP
 D = Spawn monster count
 E = Non-spawn monster count
 F = Spawn count percentage of total count
 G = Total turns spent on level
                    A         B        C        D         E        F      G
               +---------+---------+-------+---------+---------+-------+---------
         Total |       0 |   28973 |   0.0 |       0 |     308 |   0.0 | 23589
               +---------+---------+-------+---------+---------+-------+---------
           D:1 |       0 |      21 |   0.0 |       0 |      14 |   0.0 |  1376
           D:2 |       0 |     206 |   0.0 |       0 |      21 |   0.0 |  1430
           D:3 |       0 |     232 |   0.0 |       0 |      51 |   0.0 |  2211
           D:4 |       0 |     393 |   0.0 |       0 |      20 |   0.0 |  1544
           D:5 |       0 |     667 |   0.0 |       0 |      18 |   0.0 |  1392
           D:6 |       0 |    1295 |   0.0 |       0 |      20 |   0.0 |  1530
           D:7 |       0 |    1226 |   0.0 |       0 |      26 |   0.0 |  2193
           D:8 |       0 |    2102 |   0.0 |       0 |      25 |   0.0 |  1354
           D:9 |       0 |    1166 |   0.0 |       0 |      18 |   0.0 |  1439
        Lair:1 |       0 |    2612 |   0.0 |       0 |      13 |   0.0 |  1505
        Lair:2 |       0 |    2329 |   0.0 |       0 |      13 |   0.0 |  1263
        Lair:3 |       0 |    3674 |   0.0 |       0 |      19 |   0.0 |  1678
        Lair:4 |       0 |    6460 |   0.0 |       0 |      29 |   0.0 |  2265
        Lair:5 |       0 |    5145 |   0.0 |       0 |      18 |   0.0 |  1983
        Lair:6 |       0 |    1445 |   0.0 |       0 |       3 |   0.0 |   170
               +---------+---------+-------+---------+---------+-------+---------
